 Dungeon Crawl Stone Soup version 0.23-a0-85-g22930c1 (webtiles) character file.

20 digijack the Sneak (level 2, -5/15 HPs)
             Began as a Spriggan Assassin on Aug 13, 2018.
             Engulfed by a cloud of flame (20 damage)
             ... on level 1 of the Dungeon.
             The game lasted 00:05:52 (1468 turns).

digijack the Sneak (Spriggan Assassin)              Turns: 1468, Time: 00:05:54

Health: -5/15      AC:  3    Str:  7    XL:     2   Next: 58%
Magic:  3/3        EV: 17    Int: 12    God:
Gold:   77         SH:  0    Dex: 17    Spells: 1/1 levels left

rFire    . . .     SeeInvis +   a - +2 dagger
rCold    . . .     Gourm    .   (shield restricted)
rNeg     . . .     Faith    .   c - +0 robe
rPois    .         Spirit   .   (helmet restricted)
rElec    .         Reflect  .   d - +0 cloak
rCorr    .         Harm     .   (gloves unavailable)
MR       .....                  (boots unavailable)
Stlth    +++.......             (no amulet)
HPRegen  0.05/turn              (no ring)
MPRegen  0.08/turn              (no ring)

@: very quick
A: very small, unfitting armour, see invisible, herbivore, speed 3, slow
metabolism 2
a: no special abilities


You were on level 1 of the Dungeon.
You were not hungry.

You visited 1 branch of the dungeon, and saw 1 of its levels.

You collected 77 gold pieces.

Inventory:

Hand Weapons
 a - a +2 dagger (weapon)
 b - a +0 blowgun
Missiles
 e - 8 poisoned needles
 f - 2 curare-tipped needles
 i - 38 stones (quivered)
Armour
 c - a +0 robe (worn)
 d - a +0 cloak (worn)
Jewellery
 h - an uncursed ring of fire
Scrolls
 j - a scroll of teleportation {unknown}
 k - a scroll of identify {unknown}
Comestibles
 g - 3 rations


   Skills:
 + Level 1.9 Fighting
 + Level 2.5 Short Blades
 - Level 2.0 Throwing
 + Level 2.3 Dodging
 + Level 6.1 Stealth


You had one spell level left.
You didn't know any spells.
Your spell library was empty.

Dungeon Overview and Level Annotations

Branches:
Dungeon (1/15)

Altars:


Innate Abilities, Weirdness & Mutations

You are very small and have problems with some larger weapons.
You are too small for most types of armour.
You have supernaturally acute eyesight. (SInv)
You are a herbivore.
You cover ground extremely quickly.
You need to consume almost no food.


Message History

j - a scroll labeled BATATA PEL HAD
Okay, then.
k - a scroll labeled EPLEUF FOINIM;
g - 3 rations (gained 1) Partly explored, can't reach some items and places.
Partly explored, can't reach some items and places.
Really walk into a travel-excluded area?
Found a scroll labeled BATATA PEL HAD.
Really walk into that cloud of flame?
Okay, then.
Really walk into that cloud of flame? [Y]es or [N]o only, please.
Really walk into that cloud of flame?
Okay, then.
Really walk into that cloud of flame?
Okay, then.
Really walk into that cloud of flame?
Okay, then.
You are engulfed in blazing flames.
Ouch! That really hurt!
You die...

#.# #.##.# ###
#.##.# #
#########.##.###
#§
#......>..##....
#§§
################
#...######
.?$..§§§.##
.%.(.§§§..#
...!.§§@..#
#?..#####.#
#§§§# #.# #.§§#
#.####### #§§§#
#.......#
####...#
#.#####.#
##.###.######.#
#.#
#.............#
#.#
#..##########.##
#.#


There were no monsters in sight!

Vanquished Creatures
  A ball python (D:1)
  A giant cockroach (D:1)
  A goblin (D:1)
  2 hobgoblins (D:1)
  4 jackals (D:1)
  4 kobolds (D:1)
  2 frilled lizards (D:1)
  3 rats (D:1)
18 creatures vanquished.

Notes
Turn   | Place    | Note
-------+----------+-------------------------------------------
     0 | D:1      | digijack the Spriggan Assassin began the quest for the Orb.
     0 | D:1      | Reached XP level 1. HP: 10/10 MP: 2/2
   253 | D:1      | Reached skill level 6 in Stealth
   270 | D:1      | Reached XP level 2. HP: 13/15 MP: 3/3
  1468 | D:1      | Engulfed by a cloud of flame

Vault maps used:
D:1:      dpeg_arrival_water_temple_mockup, lemuel_flame_loot_1

Skill      XL: |  1 |
---------------+----+-----
Stealth        | 6 |  6.1
Dodging        | 2 |  2.3
Fighting       | |  1.9
Short Blades   | |  2.5
Throwing       | |  2.0

Action                   || total
-------------------------++-------
Melee: Dagger            ||    65
 Fire: Blowgun           ||     7
  Use: Potion            ||     1
 Stab: Sleeping          ||     5
Armor: Robe              ||     3
Dodge: Dodged            ||    42

Table legend:
 A = Non-vault XP
 B = Vault XP
 C = Vault XP percentage of total XP
 D = Non-vault monster count
 E = Vault monster count
 F = Vault count percentage of total count
 G = Total turns spent on level
                 A         B        C        D         E       F
            +---------+---------+-------+---------+---------+-------
      Total |      29 |       0 |   0.0 |      18 |       0 |   0.0
            +---------+---------+-------+---------+---------+-------
        D:1 |      29 |       0 |   0.0 |      18 |       0 |   0.0
            +---------+---------+-------+---------+---------+-------
